 Dungeon Sprint DCSS version 0.15-a0-1224-g3833f9c (webtiles) character file.

548 Infinimo the Magician (level 7, -4/46 HPs)
             Began as a Mummy Conjurer on June 1, 2014.
             Was an Initiate of Vehumet.
             Slain by a slime creature (16 damage)
             ... in the Dungeon (Sprint V: "Ziggurat Sprint").
             The game lasted 00:01:43 (391 turns).

Infinimo the Magician (Mummy Conjurer)               Turns: 391, Time: 00:01:43

HP  -4/46        AC  2     Str 11      XL: 7   Next:  7%
MP  15/22        EV 15     Int 16      God: Vehumet [......]
Gold 0           SH  0     Dex 12      Spells:  3 memorised, 11 levels left

rFire  x . .     SeeInvis .     r - +7 Screaming Sword
rCold  + . .     Clarity  .     a - +0 robe
rNeg   + + +     rCorr    .     (no shield)
rPois  +         rRot     +     (no helmet)
rElec  .         Spirit   .     (no cloak)
SustAb .         Warding  .     (no gloves)
rMut   .         NoTele   +     (no boots)
Gourm  .                        (no amulet)
MR     .....                    (no ring)
                                (no ring)

@: very slightly contaminated, not resistant to hostile enchantments, fairly
stealthy
A: no food or potions, fire vulnerability, restore body, cold resistance 1, life
protection 3, poison resistance, torment resistance, unbreathing
a: Renounce Religion


You were in the Dungeon.
You worshipped Vehumet.
Vehumet was noncommittal.
You were not hungry.

You visited 1 branch

Inventory:

Hand weapons
 r - the +7,+7 Screaming Sword (weapon)
   (You found it in the Dungeon)
Armour
 a - a +0 robe (worn)
 q - the +18 shield of the gong {rElec rN+ MR+ EV-5}
   (You found it in the Dungeon)

   It affects your evasion (-5).
   It insulates you from electricity.
   It protects you from negative energy.
   It affects your resistance to hostile enchantments.
 s - a +3 buckler
Magical devices
 j - a wand of disintegration (7)
 t - a wand of cold (0)
 u - a wand of draining (5)
 v - a wand of fire (5)
Scrolls
 b - 4 scrolls of amnesia
 d - 3 scrolls of recharging
 e - 7 scrolls of fog
 f - 5 scrolls of identify
 g - 5 scrolls of remove curse
 h - 4 scrolls of blinking
 i - 2 scrolls of fear
 y - a scroll of holy word
Jewellery
 k - a +6 ring of dexterity
 l - a +6 ring of dexterity
 m - a +6 ring of intelligence
 n - a +6 ring of intelligence
 o - a +6 ring of strength
 p - a +6 ring of strength
Books
 c - a book of Conjurations

   Spells                             Type                      Level
   *Magic Dart                        Conjuration                  1
   Searing Ray                        Conjuration                  2
   Dazzling Spray                     Conjuration/Hexes            3
   Fulminant Prism                    Conjuration/Hexes            4
   *Iskenderun's Mystic Blast         Conjuration                  4
   *Iskenderun's Battlesphere         Conjuration/Charms           5
Magical staves
 w - an uncursed staff of energy
Miscellaneous
 x - a crystal ball of energy


   Skills:
 - Level 6.1 Dodging
 - Level 6.6 Stealth
 - Level 7.7 Spellcasting
 + Level 7.6 Conjurations
 + Level 0.0 Charms


You had 11 spell levels left.
You knew the following spells:

 Your Spells              Type           Power        Failure   Level  Hunger
a - Magic Dart            Conj           ####         1%          1    N/A
b - Iskenderun's Battles  Conj/Chrm      ###.....     75%         5    N/A
c - Iskenderun's Mystic   Conj           ####....     6%          4    N/A

Dungeon Overview and Level Annotations

Branches:
Dungeon (1/1)

Altars:
Ashenzari
Cheibriados
Dithmenos
Elyvilon
Fedhas
Gozag
Kikubaaqudgha
Makhleb
Nemelex Xobeh
Okawaru
Qazlal
Sif Muna
Trog
Vehumet
Xom
Yredelemnul
Zin
The Shining One
Beogh
Jiyva
Lugonu


Innate Abilities, Weirdness & Mutations

You do not eat or drink.
Your flesh is vulnerable to fire.
Your flesh is cold resistant.
You are immune to negative energy.
Your system is resistant to poisons.
You are immune to unholy pain and torment.
You can survive without breathing.


Message History

Aim: a slime creature (lightly wounded)
You miscast Iskenderun's Mystic Blast.
You are very lightly contaminated with residual magic.
Your skin glows momentarily.
The Screaming Sword whines plaintively.
The giant eyeball stares at you.
You shrug off the repeated paralysis!
The slime creature is moderately wounded.
The slime creature hits you!
Unknown command.
The slime creature is heavily wounded.
The ooze jiggles.
The ooze hits you. The slime creature hits you!
The giant eyeball stares at you.
You suddenly lose the ability to move!
The slime creature hits you. The ooze hits you.
* * * LOW HITPOINT WARNING * * *
You can move again.
Unknown command.
The slime creature is heavily wounded.
The slime creature hits you!
You die...

▓▓▓▓▓▓▓▓▓▓▓▓▓
▓.8©8.▓.8©8.▓
▓.))).▓.....▓
▓.....▓...[.▓
▓.....▓..)..▓
▓..G..▓..)..▓
▓..JJ.▓.....▓
▓..@..▓▓▓▓▓▓▓
▓▓▓▓▓▓▓


You could see a slime creature, an ooze and a giant eyeball.

Vanquished Creatures
  A salamander (shapeshifter) (D)
  A deep elf fighter (D)
2 creatures vanquished.

Notes
Turn   | Place    | Note
--------------------------------------------------------------
     0 | D        | Infinimo, the Mummy Conjurer, began the quest for the Orb.
     0 | D        | Reached XP level 1. HP: 13/13 MP: 3/3
     0 | D        | Found an ancient bone altar of Kikubaaqudgha.
     1 | D        | Found a basalt altar of Yredelemnul.
     1 | D        | Found an iron altar of Okawaru.
     2 | D        | Found a radiant altar of Vehumet.
     2 | D        | Found a shimmering altar of Xom.
     4 | D        | Found a burning altar of Makhleb.
    13 | D        | Found a corrupted altar of Lugonu.
    13 | D        | Found a white marble altar of Elyvilon.
    13 | D        | Found a deep blue altar of Sif Muna.
    14 | D        | Found a roughly hewn altar of Beogh.
    14 | D        | Found a sparkling altar of Nemelex Xobeh.
    20 | D        | Found a bloodstained altar of Trog.
    91 | D        | Became a worshipper of Vehumet
    96 | D        | Entered arena 1.
    96 | D        | Noticed a troll
    96 | D        | Noticed a deep elf fighter
    96 | D        | Noticed a salamander
    96 | D        | a troll changed into a salamander
   100 | D        | Killed a salamander
   100 | D        | Reached skill level 6 in Dodging
   100 | D        | Reached XP level 2. HP: 7/19 MP: 3/10
   100 | D        | Reached XP level 3. HP: 8/24 MP: 3/13
   100 | D        | Reached XP level 4. HP: 10/30 MP: 3/15
   100 | D        | Reached XP level 5. HP: 11/35 MP: 3/18
   100 | D        | Reached XP level 6. HP: 12/41 MP: 3/19
   101 | D        | Killed a deep elf fighter
   101 | D        | Reached skill level 7 in Spellcasting
   101 | D        | Reached XP level 7. HP: 6/46 MP: 3/22
   376 | D        | Learned a level 5 spell: Iskenderun's Battlesphere
   382 | D        | Learned a level 4 spell: Iskenderun's Mystic Blast
   383 | D        | Entered arena 2.
   383 | D        | Noticed a slime creature
   384 | D        | Paralysed by a giant eyeball for 3 turns
   389 | D        | Paralysed by a giant eyeball for 2 turns
   391 | D        | Slain by a slime creature

Action                   |  1- 3 |  4- 6 |  7- 9 || total
-------------------------+-------+-------+-------++-------
Melee: Bastard sword     |       |       |     3 ||     3
 Cast: Iskenderun's Myst |       |       |     1 ||     1
Evoke: Wand              |     3 |     1 |     1 ||     5
